[ AOE2 MATCH · #481980098 ]
Team RMPersians vs Sicilians
[ REPLAY ANALYSIS · EXTRACTED FROM THE RECORDED GAME ]
Feudal
11:30
Castle
21:01
Imperial
33:17
| APM avg | 24.3 |
| APM peak | 61 |
| eAPM avg | 19.1 |
| Villagers / military | 165 / 250 |
Focus
⚔️ 21.6% · 🌾 78.4%
Archer ×138 · War Elephant ×109 · Trade Cart ×48 · Mangonel ×2 · Trebuchet (Packed) ×1
Feudal
10:31
Castle
14:09
Imperial
27:56
| APM avg | 52.3 |
| APM peak | 135 |
| eAPM avg | 33.0 |
| Villagers / military | 255 / 565 |
Focus
⚔️ 47.4% · 🌾 52.6%
Knight ×373 · Scout Cavalry ×183 · Trade Cart ×57 · Monk ×3 · Bombard Cannon ×3 · Trebuchet (Packed) ×3
Feudal
12:14
Castle
15:44
Imperial
30:26
| APM avg | 43.2 |
| APM peak | 183 |
| eAPM avg | 25.6 |
| Villagers / military | 231 / 468 |
Focus
⚔️ 29.7% · 🌾 70.3%
Knight ×320 · Spearman ×91 · Trade Cart ×59 · Scorpion ×38 · Trebuchet (Packed) ×6 · Battering Ram ×5
Feudal
14:06
Castle
28:22
Imperial
37:36
| APM avg | 52.8 |
| APM peak | 128 |
| eAPM avg | 32.1 |
| Villagers / military | 195 / 274 |
Focus
⚔️ 43.6% · 🌾 56.4%
Spearman ×186 · Chu Ko Nu ×88 · Trade Cart ×21
Feudal
13:48
Castle
18:51
Imperial
29:23
| APM avg | 55.8 |
| APM peak | 152 |
| eAPM avg | 34.1 |
| Villagers / military | 174 / 239 |
Focus
⚔️ 39.5% · 🌾 60.5%
Spearman ×147 · Skirmisher ×69 · Trade Cart ×52 · Bombard Cannon ×18 · Trebuchet (Packed) ×4 · Hand Cannoneer ×1
Feudal
11:54
Castle
14:45
Imperial
30:44
| APM avg | 55.4 |
| APM peak | 117 |
| eAPM avg | 33.6 |
| Villagers / military | 162 / 752 |
Focus
⚔️ 43.2% · 🌾 56.8%
Spearman ×579 · Archer ×123 · Trade Cart ×35 · Bombard Cannon ×30 · Trebuchet (Packed) ×9 · Monk ×5
Feudal
11:55
Castle
15:50
Imperial
29:49
| APM avg | 28.5 |
| APM peak | 69 |
| eAPM avg | 21.0 |
| Villagers / military | 188 / 283 |
Focus
⚔️ 37.4% · 🌾 62.6%
Elephant Archer ×223 · Trade Cart ×38 · Skirmisher ×30 · Hand Cannoneer ×11 · Urumi Swordsman ×10 · Trebuchet (Packed) ×6
Feudal
14:37
Castle
21:58
Imperial
33:13
| APM avg | 39.1 |
| APM peak | 113 |
| eAPM avg | 26.0 |
| Villagers / military | 161 / 408 |
Focus
⚔️ 47.8% · 🌾 52.2%
Knight ×335 · Scout Cavalry ×70 · Trade Cart ×16 · Battering Ram ×3
Match map
Initial resources + every placement click. Lines = walls · curves = elevation contours. ◆ gold · ⬟ stone · ● berries · ✦ relic · ◌ wall gap
Your base· ✓ Closed at 21:01 · 39t walls · no gate
林家虎爷's base· ✓ Closed at 14:09 · 0t walls · no gate
SmithAoE's base· Open — opponent sealed themselves in
Tylenol's base· ✓ Closed at 28:22 · 79t walls · no gate
Zeriel's base· ✓ Closed at 18:51 · 57t walls · 2 gate(s)
impirion's base· Open — opponent sealed themselves in
danntheman's base· ✓ Closed at 15:50 · 5t walls · no gate
saracast's base· ✓ Closed at 21:58 · 25t walls · 2 gate(s)
Smoothed initial terrain · ◌ = detected wall gap · hover for details
Inputs per minute
— w h i z. - - 林家虎爷
Build order — w h i z.
First 150 of 558 actions detected
| 0:01 | Create | Villager (Male) |
| 0:02 | Create | Villager (Male) |
| 0:02 | Create | Villager (Male) |
| 0:02 | Create | Villager (Male) |
| 0:03 | Build | House |
| 0:05 | Build | House |
| 0:27 | Research | Loom |
| 0:52 | Create | Villager (Male) |
| 0:52 | Create | Villager (Male) |
| 0:58 | Build | Palisade Wall |
| 1:37 | Create | Villager (Male) |
| 1:37 | Create | Villager (Male) |
| 2:16 | Create | Villager (Male) |
| 2:45 | Create | Villager (Male) |
| 3:09 | Build | Palisade Wall |
| 3:17 | Create | Villager (Male) |
| 3:17 | Create | Villager (Male) |
| 3:42 | Create | Villager (Male) |
| 4:37 | Create | Villager (Male) |
| 4:49 | Create | Villager (Male) |
| 5:13 | Build | House |
| 5:15 | Create | Villager (Male) |
| 5:16 | Create | Villager (Male) |
| 5:22 | Build | Palisade Wall |
| 5:35 | Create | Villager (Male) |
| 5:49 | Build | Lumber Camp |
| 6:02 | Create | Villager (Male) |
| 6:19 | Build | House |
| 6:37 | Create | Villager (Male) |
| 7:00 | Create | Villager (Male) |
| 7:21 | Create | Villager (Male) |
| 7:54 | Build | Mill |
| 8:22 | Create | Villager (Male) |
| 8:51 | Create | Villager (Male) |
| 9:02 | Build | House |
| 9:26 | Research | Feudal Age |
| 10:45 | Build | Mill |
| 11:17 | Create | Villager (Male) |
| 11:17 | Create | Villager (Male) |
| 11:30 | Age | Feudal Age |
| 11:31 | Research | Horse Collar |
| 11:32 | Research | Double-Bit Axe |
| 11:39 | Build | Stone Wall |
| 11:51 | Build | Stone Wall |
| 11:57 | Build | Stone Wall |
| 12:00 | Create | Villager (Male) |
| 12:02 | Build | Farm |
| 12:19 | Build | Outpost |
| 12:23 | Research | Town Watch |
| 12:24 | Create | Villager (Male) |
| 12:28 | Build | Farm |
| 12:32 | Build | Farm |
| 12:54 | Build | House |
| 13:04 | Create | Villager (Male) |
| 13:30 | Build | Farm |
| 13:33 | Build | Farm |
| 13:37 | Create | Villager (Male) |
| 13:56 | Create | Villager (Male) |
| 13:58 | Build | Mining Camp |
| 14:06 | Build | Farm |
| 14:22 | Create | Villager (Male) |
| 14:26 | Build | Farm |
| 14:39 | Create | Villager (Male) |
| 14:59 | Create | Villager (Male) |
| 15:17 | Build | House |
| 15:18 | Build | House |
| 15:27 | Create | Villager (Male) |
| 15:51 | Build | Mining Camp |
| 16:00 | Create | Villager (Male) |
| 16:03 | Build | Farm |
| 16:07 | Build | Farm |
| 16:09 | Build | Farm |
| 16:12 | Build | Farm |
| 16:18 | Create | Villager (Male) |
| 16:21 | Build | Farm |
| 16:43 | Build | House |
| 16:45 | Build | House |
| 16:50 | Build | Farm |
| 16:53 | Create | Villager (Male) |
| 17:08 | Build | Market |
| 17:15 | Build | Blacksmith |
| 17:17 | Create | Villager (Male) |
| 17:29 | Build | House |
| 17:45 | Create | Villager (Male) |
| 18:16 | Build | House |
| 18:35 | Research | Castle Age |
| 18:44 | Research | Gold Mining |
| 18:51 | Build | House |
| 19:12 | Build | Farm |
| 19:15 | Build | Farm |
| 19:17 | Build | Farm |
| 20:16 | Research | Stone Mining |
| 21:01 | Age | Castle Age |
| 21:07 | Create | Villager (Male) |
| 21:07 | Create | Villager (Male) |
| 21:08 | Research | Bow Saw |
| 21:13 | Build | Town Center |
| 21:19 | Build | Town Center |
| 21:22 | Create | Villager (Male) |
| 21:23 | Create | Villager (Male) |
| 21:26 | Build | Town Center |
| 21:31 | Research | Heavy Plow |
| 21:34 | Create | Villager (Male) |
| 21:49 | Create | Villager (Male) |
| 22:11 | Research | Wheelbarrow |
| 22:17 | Build | Farm |
| 22:38 | Create | Villager (Male) |
| 22:42 | Create | Villager (Male) |
| 22:53 | Create | Villager (Male) |
| 22:53 | Create | Villager (Male) |
| 22:54 | Create | Villager (Male) |
| 22:56 | Build | Farm |
| 23:00 | Build | Farm |
| 23:02 | Build | Farm |
| 23:06 | Create | Villager (Male) |
| 23:06 | Create | Villager (Male) |
| 23:09 | Build | Farm |
| 23:11 | Create | Villager (Male) |
| 23:11 | Create | Villager (Male) |
| 23:36 | Create | Villager (Male) |
| 23:38 | Build | Farm |
| 23:44 | Create | Villager (Male) |
| 23:44 | Create | Villager (Male) |
| 23:47 | Build | Farm |
| 23:49 | Build | Farm |
| 23:56 | Build | Lumber Camp |
| 24:02 | Build | Farm |
| 24:04 | Build | Farm |
| 24:06 | Create | Villager (Male) |
| 24:07 | Create | Villager (Male) |
| 24:07 | Create | Villager (Male) |
| 24:07 | Create | Villager (Male) |
| 24:07 | Create | Villager (Male) |
| 24:08 | Create | Villager (Male) |
| 24:08 | Create | Villager (Male) |
| 24:22 | Build | House |
| 24:24 | Build | House |
| 24:25 | Build | House |
| 24:26 | Build | House |
| 24:29 | Create | Villager (Male) |
| 24:30 | Create | Villager (Male) |
| 24:30 | Create | Villager (Male) |
| 24:30 | Create | Villager (Male) |
| 24:31 | Create | Villager (Male) |
| 24:58 | Create | Villager (Male) |
| 24:58 | Create | Villager (Male) |
| 24:59 | Create | Villager (Male) |
| 24:59 | Create | Villager (Male) |
| 25:05 | Build | Farm |
| 25:08 | Build | Farm |
Build order — 林家虎爷
First 150 of 1152 actions detected
| 0:01 | Create | Villager (Male) |
| 0:03 | Build | House |
| 0:03 | Create | Villager (Male) |
| 0:04 | Build | House |
| 0:07 | Create | Villager (Male) |
| 0:08 | Create | Villager (Male) |
| 1:24 | Create | Villager (Male) |
| 1:24 | Create | Villager (Male) |
| 2:02 | Create | Villager (Male) |
| 2:02 | Create | Villager (Male) |
| 2:22 | Create | Villager (Male) |
| 2:47 | Create | Villager (Male) |
| 2:48 | Create | Villager (Male) |
| 3:04 | Create | Villager (Male) |
| 3:07 | Build | House |
| 3:42 | Create | Villager (Male) |
| 4:02 | Build | Lumber Camp |
| 4:07 | Create | Villager (Male) |
| 4:08 | Create | Villager (Male) |
| 4:08 | Create | Villager (Male) |
| 4:28 | Build | House |
| 4:58 | Create | Villager (Male) |
| 4:58 | Create | Villager (Male) |
| 4:58 | Create | Villager (Male) |
| 4:59 | Create | Villager (Male) |
| 5:10 | Create | Villager (Male) |
| 5:10 | Create | Villager (Male) |
| 5:24 | Build | Mill |
| 6:28 | Create | Villager (Male) |
| 6:33 | Create | Villager (Male) |
| 6:38 | Build | Mill |
| 6:44 | Create | Villager (Male) |
| 6:49 | Create | Villager (Male) |
| 7:13 | Create | Villager (Male) |
| 7:50 | Build | Mining Camp |
| 8:17 | Research | Feudal Age |
| 8:17 | Research | Feudal Age |
| 8:51 | Create | Villager (Male) |
| 9:02 | Build | House |
| 9:25 | Create | Villager (Male) |
| 10:31 | Age | Feudal Age |
| 10:34 | Build | Market |
| 10:44 | Build | Blacksmith |
| 11:29 | Research | Castle Age |
| 11:29 | Research | Castle Age |
| 11:47 | Build | Farm |
| 12:07 | Research | Double-Bit Axe |
| 12:07 | Research | Double-Bit Axe |
| 12:17 | Build | Lumber Camp |
| 12:35 | Create | Villager (Male) |
| 12:48 | Create | Villager (Male) |
| 12:57 | Create | Villager (Male) |
| 13:10 | Build | House |
| 13:11 | Build | House |
| 14:04 | Create | Villager (Male) |
| 14:09 | Age | Castle Age |
| 14:11 | Build | Farm |
| 14:13 | Build | Farm |
| 14:19 | Build | Monastery |
| 14:25 | Build | Town Center |
| 14:37 | Build | House |
| 14:38 | Build | House |
| 14:56 | Build | Farm |
| 14:58 | Create | Monk |
| 15:08 | Build | Farm |
| 15:12 | Build | Farm |
| 15:21 | Build | Farm |
| 15:29 | Build | Farm |
| 15:32 | Create | Villager (Male) |
| 15:42 | Create | Monk |
| 16:04 | Create | Villager (Male) |
| 16:10 | Create | Villager (Male) |
| 16:10 | Create | Villager (Male) |
| 16:15 | Build | Farm |
| 16:27 | Create | Villager (Male) |
| 16:34 | Build | Farm |
| 16:37 | Build | Farm |
| 16:45 | Build | Farm |
| 16:46 | Build | Farm |
| 16:50 | Build | Farm |
| 16:51 | Build | Farm |
| 16:58 | Create | Monk |
| 16:58 | Create | Villager (Male) |
| 16:58 | Create | Villager (Male) |
| 16:59 | Create | Villager (Male) |
| 17:11 | Build | Farm |
| 17:13 | Build | Farm |
| 17:16 | Build | Farm |
| 17:18 | Create | Villager (Male) |
| 17:21 | Build | House |
| 17:22 | Build | House |
| 17:23 | Create | Villager (Male) |
| 17:32 | Create | Villager (Male) |
| 17:58 | Create | Villager (Male) |
| 17:59 | Create | Villager (Male) |
| 17:59 | Create | Villager (Male) |
| 18:05 | Build | Town Center |
| 18:08 | Create | Villager (Male) |
| 18:08 | Create | Villager (Male) |
| 18:09 | Create | Villager (Male) |
| 18:20 | Create | Villager (Male) |
| 18:24 | Build | Farm |
| 18:25 | Build | House |
| 18:30 | Create | Villager (Male) |
| 18:31 | Create | Villager (Male) |
| 18:39 | Create | Villager (Male) |
| 18:39 | Create | Villager (Male) |
| 18:46 | Build | Farm |
| 18:47 | Build | Farm |
| 18:47 | Build | Farm |
| 18:49 | Create | Villager (Male) |
| 18:49 | Create | Villager (Male) |
| 18:59 | Create | Villager (Male) |
| 18:59 | Create | Villager (Male) |
| 19:01 | Create | Villager (Male) |
| 19:02 | Create | Villager (Male) |
| 19:14 | Research | Wheelbarrow |
| 19:21 | Build | Farm |
| 19:21 | Build | Farm |
| 19:22 | Build | Farm |
| 19:24 | Create | Villager (Male) |
| 19:31 | Create | Villager (Male) |
| 19:31 | Create | Villager (Male) |
| 19:33 | Create | Villager (Male) |
| 19:34 | Create | Villager (Male) |
| 19:49 | Create | Villager (Male) |
| 19:49 | Create | Villager (Male) |
| 19:50 | Create | Villager (Male) |
| 19:59 | Create | Villager (Male) |
| 20:03 | Create | Villager (Male) |
| 20:10 | Create | Villager (Male) |
| 20:21 | Create | Villager (Male) |
| 20:23 | Create | Villager (Male) |
| 20:43 | Build | Barracks |
| 20:44 | Create | Villager (Male) |
| 20:44 | Create | Villager (Male) |
| 20:44 | Create | Villager (Male) |
| 20:54 | Research | Loom |
| 20:55 | Research | Loom |
| 20:56 | Research | Gold Mining |
| 20:56 | Research | Gold Mining |
| 21:02 | Create | Villager (Male) |
| 21:03 | Create | Villager (Male) |
| 21:04 | Create | Villager (Male) |
| 21:05 | Create | Villager (Male) |
| 21:10 | Build | Stable |
| 21:13 | Build | Stable |
| 21:16 | Research | Scale Barding Armor |
| 21:16 | Research | Scale Barding Armor |
| 21:16 | Research | Scale Barding Armor |
Build order — SmithAoE
First 150 of 644 actions detected
| 0:00 | Create | Villager (Male) |
| 0:01 | Create | Villager (Male) |
| 0:01 | Create | Villager (Male) |
| 0:02 | Build | House |
| 0:03 | Build | House |
| 0:10 | Create | Villager (Male) |
| 0:10 | Create | Villager (Male) |
| 1:38 | Create | Villager (Male) |
| 1:38 | Create | Villager (Male) |
| 2:08 | Create | Villager (Male) |
| 2:08 | Create | Villager (Male) |
| 2:18 | Create | Villager (Male) |
| 2:46 | Build | Lumber Camp |
| 2:51 | Research | Loom |
| 2:54 | Create | Villager (Male) |
| 3:11 | Create | Villager (Male) |
| 3:44 | Create | Villager (Male) |
| 3:44 | Create | Villager (Male) |
| 3:46 | Create | Villager (Male) |
| 3:55 | Create | Villager (Male) |
| 4:11 | Build | Palisade Wall |
| 4:12 | Build | Palisade Wall |
| 4:12 | Build | Palisade Wall |
| 4:13 | Build | Palisade Wall |
| 4:19 | Build | House |
| 4:28 | Build | Palisade Wall |
| 4:29 | Build | Palisade Wall |
| 4:29 | Build | Palisade Wall |
| 4:30 | Build | Palisade Wall |
| 4:30 | Build | Palisade Wall |
| 4:34 | Create | Villager (Male) |
| 4:34 | Create | Villager (Male) |
| 5:03 | Create | Villager (Male) |
| 5:10 | Create | Villager (Male) |
| 5:25 | Build | Palisade Wall |
| 5:27 | Build | Palisade Wall |
| 5:28 | Build | Palisade Wall |
| 5:28 | Build | Palisade Wall |
| 5:29 | Build | Palisade Wall |
| 5:29 | Build | Palisade Wall |
| 5:30 | Build | Palisade Wall |
| 5:30 | Build | Palisade Wall |
| 5:39 | Build | House |
| 6:05 | Create | Villager (Male) |
| 6:17 | Build | Mill |
| 6:18 | Create | Villager (Male) |
| 6:24 | Create | Villager (Male) |
| 6:25 | Create | Villager (Male) |
| 6:41 | Create | Villager (Male) |
| 6:50 | Build | Mill |
| 7:02 | Build | Palisade Wall |
| 7:06 | Build | Palisade Wall |
| 7:09 | Build | House |
| 7:18 | Build | Palisade Wall |
| 7:22 | Build | Palisade Wall |
| 7:23 | Create | Villager (Male) |
| 7:31 | Build | House |
| 7:45 | Build | Palisade Wall |
| 7:59 | Create | Villager (Male) |
| 8:14 | Create | Villager (Male) |
| 8:22 | Create | Villager (Male) |
| 8:24 | Create | Villager (Male) |
| 8:26 | Create | Villager (Male) |
| 8:56 | Build | House |
| 9:00 | Create | Villager (Male) |
| 9:19 | Build | Mining Camp |
| 9:39 | Create | Villager (Male) |
| 9:57 | Research | Feudal Age |
| 10:47 | Create | Villager (Male) |
| 10:47 | Create | Villager (Male) |
| 12:14 | Age | Feudal Age |
| 12:16 | Build | Market |
| 12:18 | Build | Blacksmith |
| 12:24 | Research | Double-Bit Axe |
| 13:04 | Research | Castle Age |
| 13:04 | Research | Castle Age |
| 13:13 | Research | Horse Collar |
| 13:26 | Build | Farm |
| 13:32 | Build | Farm |
| 13:34 | Build | Farm |
| 14:03 | Build | House |
| 14:18 | Create | Villager (Male) |
| 14:18 | Create | Villager (Male) |
| 14:51 | Build | Farm |
| 15:44 | Age | Castle Age |
| 15:47 | Build | Town Center |
| 15:48 | Create | Villager (Male) |
| 15:52 | Build | Town Center |
| 15:57 | Research | Bow Saw |
| 16:07 | Research | Heavy Plow |
| 16:20 | Create | Villager (Male) |
| 16:33 | Build | Farm |
| 16:41 | Create | Villager (Male) |
| 16:43 | Build | Farm |
| 16:46 | Build | Farm |
| 16:51 | Create | Villager (Male) |
| 16:55 | Build | Farm |
| 16:58 | Build | Farm |
| 17:06 | Build | Farm |
| 17:13 | Create | Villager (Male) |
| 17:14 | Build | Farm |
| 17:23 | Build | Farm |
| 17:28 | Build | Farm |
| 17:29 | Create | Villager (Male) |
| 17:36 | Build | Farm |
| 17:41 | Create | Villager (Male) |
| 17:41 | Create | Villager (Male) |
| 17:46 | Build | Farm |
| 17:53 | Build | Farm |
| 18:00 | Create | Villager (Male) |
| 18:01 | Create | Villager (Male) |
| 18:05 | Build | Farm |
| 18:10 | Create | Villager (Male) |
| 18:10 | Create | Villager (Male) |
| 18:14 | Build | Farm |
| 18:19 | Create | Villager (Male) |
| 18:25 | Build | Farm |
| 18:33 | Build | Farm |
| 18:33 | Create | Villager (Male) |
| 18:33 | Create | Villager (Male) |
| 18:40 | Build | Farm |
| 18:40 | Create | Villager (Male) |
| 18:46 | Build | Farm |
| 18:49 | Create | Villager (Male) |
| 18:49 | Create | Villager (Male) |
| 18:52 | Create | Villager (Male) |
| 18:52 | Create | Villager (Male) |
| 19:05 | Create | Villager (Male) |
| 19:11 | Create | Villager (Male) |
| 19:11 | Create | Villager (Male) |
| 19:16 | Build | House |
| 19:20 | Build | House |
| 19:22 | Create | Villager (Male) |
| 19:23 | Create | Villager (Male) |
| 19:35 | Build | Town Center |
| 19:37 | Create | Villager (Male) |
| 19:37 | Create | Villager (Male) |
| 19:39 | Create | Villager (Male) |
| 19:40 | Create | Villager (Male) |
| 19:43 | Create | Villager (Male) |
| 19:45 | Build | Farm |
| 19:46 | Build | Farm |
| 19:52 | Create | Villager (Male) |
| 19:52 | Create | Villager (Male) |
| 19:57 | Create | Villager (Male) |
| 19:57 | Create | Villager (Male) |
| 20:08 | Build | Farm |
| 20:08 | Create | Villager (Male) |
| 20:13 | Build | Farm |
| 20:14 | Build | House |
Build order — Tylenol
First 150 of 716 actions detected
| 0:05 | Research | Loom |
| 0:05 | Research | Loom |
| 0:20 | Build | Palisade Wall |
| 2:01 | Create | Villager (Male) |
| 2:16 | Create | Villager (Male) |
| 3:01 | Build | Palisade Wall |
| 3:04 | Build | House |
| 3:05 | Create | Villager (Male) |
| 3:16 | Build | House |
| 3:41 | Build | Palisade Wall |
| 3:43 | Build | Palisade Wall |
| 4:05 | Create | Villager (Male) |
| 4:05 | Create | Villager (Male) |
| 4:46 | Create | Villager (Male) |
| 5:03 | Create | Villager (Male) |
| 5:19 | Create | Villager (Male) |
| 5:44 | Create | Villager (Male) |
| 6:33 | Create | Villager (Male) |
| 7:18 | Create | Villager (Male) |
| 7:25 | Create | Villager (Male) |
| 7:28 | Build | Palisade Wall |
| 7:34 | Build | Palisade Wall |
| 7:36 | Build | Palisade Wall |
| 7:42 | Create | Villager (Male) |
| 7:42 | Create | Villager (Male) |
| 7:42 | Create | Villager (Male) |
| 8:13 | Build | Mill |
| 8:15 | Create | Villager (Male) |
| 8:23 | Create | Villager (Male) |
| 9:18 | Build | Lumber Camp |
| 9:22 | Create | Villager (Male) |
| 9:31 | Build | House |
| 9:44 | Create | Villager (Male) |
| 9:51 | Create | Villager (Male) |
| 9:57 | Create | Villager (Male) |
| 9:57 | Create | Villager (Male) |
| 10:17 | Create | Villager (Male) |
| 10:36 | Create | Villager (Male) |
| 11:56 | Research | Feudal Age |
| 11:56 | Research | Feudal Age |
| 11:56 | Research | Feudal Age |
| 11:59 | Build | Mining Camp |
| 12:07 | Build | Mining Camp |
| 12:35 | Build | House |
| 13:43 | Build | Mill |
| 14:05 | Create | Villager (Male) |
| 14:06 | Age | Feudal Age |
| 14:08 | Research | Double-Bit Axe |
| 14:10 | Create | Villager (Male) |
| 14:31 | Create | Villager (Male) |
| 14:58 | Build | Blacksmith |
| 15:18 | Create | Villager (Male) |
| 15:28 | Build | Stone Wall |
| 15:32 | Build | Stone Wall |
| 15:35 | Build | Stone Wall |
| 15:36 | Create | Villager (Male) |
| 15:38 | Create | Villager (Male) |
| 15:46 | Build | Stone Wall |
| 16:04 | Build | Watch Tower |
| 16:17 | Create | Villager (Male) |
| 16:19 | Build | Farm |
| 16:26 | Build | Farm |
| 16:37 | Build | Blacksmith |
| 16:43 | Build | Stone Wall |
| 16:46 | Create | Villager (Male) |
| 16:50 | Research | Stone Mining |
| 17:02 | Create | Villager (Male) |
| 17:09 | Build | House |
| 17:18 | Research | Fletching |
| 17:18 | Research | Fletching |
| 17:21 | Build | Farm |
| 17:23 | Build | Farm |
| 17:25 | Create | Villager (Male) |
| 17:43 | Create | Villager (Male) |
| 17:54 | Build | Stone Wall |
| 18:02 | Build | Farm |
| 18:16 | Create | Villager (Male) |
| 18:36 | Create | Villager (Male) |
| 19:24 | Create | Villager (Male) |
| 19:30 | Build | Watch Tower |
| 19:43 | Build | House |
| 19:44 | Build | House |
| 20:16 | Build | Farm |
| 20:42 | Build | Farm |
| 20:43 | Create | Villager (Male) |
| 20:49 | Build | Stone Wall |
| 20:54 | Build | Watch Tower |
| 21:00 | Build | Market |
| 21:01 | Create | Villager (Male) |
| 21:25 | Build | Farm |
| 21:27 | Build | Farm |
| 21:38 | Create | Villager (Male) |
| 22:30 | Build | Farm |
| 22:31 | Build | Farm |
| 22:39 | Create | Villager (Male) |
| 22:40 | Build | Farm |
| 22:43 | Build | Farm |
| 22:56 | Build | Farm |
| 22:59 | Create | Villager (Male) |
| 23:13 | Build | Farm |
| 23:17 | Build | Farm |
| 23:22 | Build | Lumber Camp |
| 23:27 | Build | Farm |
| 23:37 | Build | Stone Wall |
| 23:44 | Create | Villager (Male) |
| 23:44 | Create | Villager (Male) |
| 23:49 | Build | Mill |
| 23:50 | Build | Farm |
| 23:51 | Build | Farm |
| 23:51 | Build | Farm |
| 23:51 | Build | Farm |
| 24:04 | Build | Farm |
| 24:18 | Create | Villager (Male) |
| 24:23 | Create | Villager (Male) |
| 25:05 | Build | Blacksmith |
| 25:07 | Create | Villager (Male) |
| 25:10 | Build | House |
| 25:11 | Build | House |
| 25:11 | Build | House |
| 25:11 | Build | House |
| 25:42 | Research | Castle Age |
| 25:42 | Research | Castle Age |
| 25:47 | Research | Horse Collar |
| 25:47 | Research | Horse Collar |
| 26:02 | Research | Gold Mining |
| 26:02 | Research | Gold Mining |
| 26:05 | Build | House |
| 26:05 | Build | House |
| 26:06 | Build | House |
| 26:06 | Build | House |
| 26:06 | Build | House |
| 26:27 | Build | House |
| 26:28 | Build | House |
| 26:30 | Build | House |
| 26:31 | Build | House |
| 26:36 | Build | House |
| 28:22 | Age | Castle Age |
| 28:23 | Build | Town Center |
| 28:43 | Research | Heavy Plow |
| 28:43 | Research | Bow Saw |
| 28:44 | Research | Bow Saw |
| 28:45 | Create | Villager (Male) |
| 28:45 | Create | Villager (Male) |
| 29:02 | Build | Castle |
| 29:07 | Create | Villager (Male) |
| 29:19 | Build | Market |
| 29:29 | Research | Wheelbarrow |
| 29:30 | Research | Wheelbarrow |
| 29:35 | Create | Villager (Male) |
| 29:35 | Create | Villager (Male) |
Build order — Zeriel
First 150 of 804 actions detected
| 0:01 | Create | Villager (Male) |
| 0:02 | Build | House |
| 0:03 | Build | House |
| 0:13 | Create | Villager (Male) |
| 0:13 | Research | Loom |
| 0:27 | Create | Villager (Male) |
| 0:49 | Create | Villager (Male) |
| 1:43 | Create | Villager (Male) |
| 2:45 | Build | Palisade Wall |
| 2:58 | Create | Villager (Male) |
| 3:01 | Build | Palisade Wall |
| 3:19 | Build | Palisade Wall |
| 3:32 | Create | Villager (Male) |
| 3:32 | Create | Villager (Male) |
| 3:35 | Build | Palisade Gate |
| 4:05 | Build | Palisade Gate |
| 4:16 | Create | Villager (Male) |
| 4:16 | Create | Villager (Male) |
| 4:18 | Build | House |
| 4:37 | Create | Villager (Male) |
| 4:57 | Build | Palisade Wall |
| 4:58 | Build | Palisade Wall |
| 5:00 | Build | Palisade Wall |
| 5:02 | Build | Palisade Wall |
| 5:06 | Create | Villager (Male) |
| 5:06 | Create | Villager (Male) |
| 5:38 | Build | Palisade Wall |
| 5:41 | Create | Villager (Male) |
| 5:41 | Create | Villager (Male) |
| 6:03 | Create | Villager (Male) |
| 6:30 | Create | Villager (Male) |
| 6:31 | Create | Villager (Male) |
| 6:43 | Build | Lumber Camp |
| 6:56 | Create | Villager (Male) |
| 7:24 | Create | Villager (Male) |
| 7:31 | Build | Palisade Wall |
| 7:32 | Build | Palisade Wall |
| 7:52 | Build | House |
| 7:57 | Create | Villager (Male) |
| 7:57 | Create | Villager (Male) |
| 8:05 | Build | Palisade Wall |
| 8:08 | Build | Palisade Wall |
| 8:10 | Build | Palisade Wall |
| 8:10 | Build | Palisade Wall |
| 8:20 | Create | Villager (Male) |
| 8:20 | Create | Villager (Male) |
| 8:24 | Build | Palisade Wall |
| 8:25 | Build | Palisade Wall |
| 8:39 | Build | Palisade Wall |
| 8:40 | Build | Palisade Wall |
| 8:52 | Create | Villager (Male) |
| 8:52 | Create | Villager (Male) |
| 9:12 | Create | Villager (Male) |
| 9:15 | Build | House |
| 9:34 | Build | Mill |
| 9:43 | Create | Villager (Male) |
| 9:55 | Create | Villager (Male) |
| 10:26 | Build | Palisade Wall |
| 10:45 | Build | Mill |
| 10:59 | Build | Palisade Wall |
| 11:02 | Build | Palisade Wall |
| 11:21 | Build | Outpost |
| 11:31 | Research | Feudal Age |
| 11:31 | Research | Feudal Age |
| 11:48 | Create | Villager (Male) |
| 11:48 | Create | Villager (Male) |
| 11:55 | Create | Villager (Male) |
| 12:46 | Build | Mining Camp |
| 13:31 | Build | House |
| 13:34 | Build | House |
| 13:48 | Age | Feudal Age |
| 13:52 | Build | Stone Wall |
| 13:53 | Build | Outpost |
| 13:56 | Build | Stone Wall |
| 13:57 | Build | Stone Wall |
| 14:13 | Build | Stone Wall |
| 14:15 | Build | Outpost |
| 14:17 | Build | Stone Wall |
| 14:18 | Build | Stone Wall |
| 14:19 | Build | Outpost |
| 14:33 | Build | Stone Wall |
| 14:33 | Build | Stone Wall |
| 14:34 | Build | Stone Wall |
| 14:35 | Build | Stone Wall |
| 14:37 | Build | Stone Wall |
| 14:37 | Build | Stone Wall |
| 14:38 | Build | Stone Wall |
| 14:43 | Create | Villager (Male) |
| 14:51 | Build | Market |
| 15:11 | Build | House |
| 15:33 | Build | Blacksmith |
| 15:46 | Create | Villager (Male) |
| 16:02 | Research | Castle Age |
| 16:16 | Build | Outpost |
| 16:18 | Build | Stone Wall |
| 16:32 | Build | Farm |
| 16:54 | Research | Double-Bit Axe |
| 16:55 | Research | Double-Bit Axe |
| 16:59 | Build | Farm |
| 17:34 | Build | Palisade Wall |
| 17:39 | Research | Horse Collar |
| 17:46 | Build | Farm |
| 17:48 | Build | Farm |
| 18:01 | Build | Mining Camp |
| 18:28 | Build | Farm |
| 18:30 | Build | Farm |
| 18:34 | Build | Farm |
| 18:37 | Create | Villager (Male) |
| 18:51 | Age | Castle Age |
| 18:55 | Create | Villager (Male) |
| 18:59 | Build | Town Center |
| 19:08 | Build | Farm |
| 19:15 | Create | Villager (Male) |
| 19:26 | Build | Stone Wall |
| 19:39 | Build | Stone Wall |
| 19:42 | Research | Wheelbarrow |
| 19:42 | Research | Wheelbarrow |
| 19:58 | Build | House |
| 20:01 | Create | Villager (Male) |
| 20:34 | Build | Farm |
| 20:36 | Create | Villager (Male) |
| 20:41 | Build | Stone Wall |
| 20:42 | Create | Villager (Male) |
| 20:50 | Build | Stone Wall |
| 20:53 | Build | Stone Wall |
| 20:59 | Create | Villager (Male) |
| 21:12 | Create | Villager (Male) |
| 21:22 | Build | Stone Wall |
| 21:24 | Build | Stone Wall |
| 21:26 | Create | Villager (Male) |
| 21:28 | Build | Farm |
| 21:30 | Build | Farm |
| 21:32 | Build | Farm |
| 21:34 | Build | Farm |
| 21:38 | Create | Villager (Male) |
| 21:53 | Build | Stone Wall |
| 22:07 | Build | Farm |
| 22:09 | Build | Farm |
| 22:11 | Build | Farm |
| 22:16 | Research | Bow Saw |
| 22:16 | Research | Bow Saw |
| 22:18 | Create | Villager (Male) |
| 22:21 | Build | House |
| 22:32 | Build | Farm |
| 22:33 | Create | Villager (Male) |
| 22:44 | Build | Stone Wall |
| 22:45 | Build | Stone Wall |
| 22:48 | Create | Villager (Male) |
| 23:00 | Build | Stone Wall |
| 23:04 | Build | Stone Wall |
Build order — impirion
First 150 of 724 actions detected
| 0:01 | Create | Villager (Male) |
| 0:02 | Build | House |
| 0:03 | Build | House |
| 0:25 | Create | Villager (Male) |
| 0:26 | Create | Villager (Male) |
| 0:26 | Create | Villager (Male) |
| 0:26 | Create | Villager (Male) |
| 1:27 | Create | Villager (Male) |
| 2:16 | Create | Villager (Male) |
| 2:16 | Create | Villager (Male) |
| 2:16 | Create | Villager (Male) |
| 2:22 | Build | Lumber Camp |
| 2:44 | Create | Villager (Male) |
| 2:59 | Create | Villager (Male) |
| 2:59 | Create | Villager (Male) |
| 3:39 | Build | House |
| 3:48 | Create | Villager (Male) |
| 3:53 | Build | House |
| 4:05 | Create | Villager (Male) |
| 4:41 | Build | House |
| 4:43 | Create | Villager (Male) |
| 4:43 | Create | Villager (Male) |
| 4:48 | Create | Villager (Male) |
| 4:48 | Create | Villager (Male) |
| 5:17 | Build | Mill |
| 5:24 | Create | Villager (Male) |
| 5:24 | Create | Villager (Male) |
| 5:24 | Create | Villager (Male) |
| 6:22 | Build | Mill |
| 6:37 | Build | House |
| 6:40 | Create | Villager (Male) |
| 6:56 | Build | Farm |
| 6:57 | Create | Villager (Male) |
| 7:27 | Create | Villager (Male) |
| 7:29 | Create | Villager (Male) |
| 7:29 | Create | Villager (Male) |
| 7:30 | Create | Villager (Male) |
| 7:36 | Create | Villager (Male) |
| 7:41 | Create | Villager (Male) |
| 7:52 | Create | Villager (Male) |
| 7:55 | Create | Villager (Male) |
| 7:55 | Create | Villager (Male) |
| 7:56 | Create | Villager (Male) |
| 8:21 | Build | House |
| 8:29 | Build | House |
| 8:38 | Build | House |
| 8:50 | Build | House |
| 8:53 | Build | House |
| 9:28 | Create | Villager (Male) |
| 9:44 | Research | Feudal Age |
| 9:54 | Build | Mining Camp |
| 10:43 | Create | Villager (Male) |
| 10:43 | Create | Villager (Male) |
| 10:52 | Create | Villager (Male) |
| 10:52 | Create | Villager (Male) |
| 11:04 | Build | House |
| 11:23 | Build | Farm |
| 11:54 | Age | Feudal Age |
| 11:56 | Build | Market |
| 11:58 | Build | Blacksmith |
| 12:19 | Build | Farm |
| 12:38 | Research | Double-Bit Axe |
| 13:03 | Research | Castle Age |
| 13:20 | Research | Horse Collar |
| 13:30 | Create | Villager (Male) |
| 13:33 | Build | Farm |
| 13:39 | Build | Farm |
| 13:42 | Build | Farm |
| 14:12 | Create | Villager (Male) |
| 14:16 | Build | Farm |
| 14:24 | Create | Villager (Male) |
| 14:45 | Age | Castle Age |
| 14:51 | Build | Siege Workshop |
| 14:55 | Create | Villager (Male) |
| 15:12 | Research | Loom |
| 15:15 | Create | Villager (Male) |
| 15:23 | Build | Town Center |
| 15:41 | Create | Villager (Male) |
| 15:47 | Build | House |
| 15:53 | Create | Villager (Male) |
| 16:05 | Create | Mangonel |
| 16:13 | Build | Monastery |
| 16:17 | Create | Villager (Male) |
| 16:31 | Create | Villager (Male) |
| 16:41 | Build | Farm |
| 16:42 | Create | Villager (Male) |
| 17:06 | Create | Monk |
| 17:12 | Create | Villager (Male) |
| 17:12 | Create | Villager (Male) |
| 17:17 | Create | Mangonel |
| 17:30 | Create | Villager (Male) |
| 17:33 | Build | House |
| 17:33 | Build | House |
| 17:37 | Create | Villager (Male) |
| 17:40 | Create | Villager (Male) |
| 17:46 | Create | Villager (Male) |
| 17:56 | Create | Villager (Male) |
| 17:57 | Create | Villager (Male) |
| 18:07 | Create | Villager (Male) |
| 18:09 | Build | House |
| 18:10 | Build | House |
| 18:15 | Build | Farm |
| 18:16 | Build | Farm |
| 18:54 | Create | Villager (Male) |
| 19:04 | Create | Villager (Male) |
| 19:06 | Create | Villager (Male) |
| 19:10 | Build | Farm |
| 19:10 | Build | Farm |
| 19:11 | Build | Farm |
| 19:11 | Build | Farm |
| 19:29 | Create | Villager (Male) |
| 19:34 | Create | Battering Ram |
| 19:35 | Create | Villager (Male) |
| 19:36 | Create | Monk |
| 20:16 | Create | Villager (Male) |
| 20:16 | Create | Villager (Male) |
| 20:17 | Create | Villager (Male) |
| 20:19 | Build | Lumber Camp |
| 20:21 | Create | Villager (Male) |
| 20:46 | Create | Villager (Male) |
| 20:47 | Create | Villager (Male) |
| 20:50 | Build | Farm |
| 20:50 | Build | Farm |
| 20:50 | Build | Farm |
| 20:51 | Build | Farm |
| 20:51 | Build | Farm |
| 20:51 | Build | Farm |
| 20:51 | Build | Farm |
| 20:51 | Build | Farm |
| 20:54 | Build | Mill |
| 20:55 | Build | Farm |
| 20:55 | Build | Farm |
| 20:55 | Build | Farm |
| 20:56 | Build | Farm |
| 21:00 | Research | Bow Saw |
| 21:04 | Build | House |
| 21:25 | Create | Monk |
| 21:33 | Create | Villager (Male) |
| 21:35 | Create | Villager (Male) |
| 21:40 | Create | Villager (Male) |
| 21:41 | Create | Mangonel |
| 22:26 | Create | Villager (Male) |
| 22:49 | Create | Villager (Male) |
| 22:51 | Create | Villager (Male) |
| 22:53 | Research | Wheelbarrow |
| 22:55 | Build | House |
| 22:58 | Build | Town Center |
| 23:04 | Create | Villager (Male) |
| 23:07 | Build | Town Center |
| 23:07 | Create | Villager (Male) |
Build order — danntheman
First 150 of 724 actions detected
| 0:00 | Create | Villager (Male) |
| 0:01 | Create | Villager (Male) |
| 0:02 | Build | House |
| 0:04 | Build | House |
| 0:11 | Create | Villager (Male) |
| 0:12 | Create | Villager (Male) |
| 1:35 | Create | Villager (Male) |
| 1:48 | Build | Lumber Camp |
| 1:49 | Create | Villager (Male) |
| 1:49 | Create | Villager (Male) |
| 2:18 | Create | Villager (Male) |
| 2:51 | Create | Villager (Male) |
| 3:18 | Create | Villager (Male) |
| 3:18 | Create | Villager (Male) |
| 3:27 | Build | House |
| 3:40 | Create | Villager (Male) |
| 4:02 | Create | Villager (Male) |
| 4:39 | Create | Villager (Male) |
| 4:58 | Create | Villager (Male) |
| 4:58 | Create | Villager (Male) |
| 5:17 | Build | Mill |
| 5:28 | Create | Villager (Male) |
| 5:33 | Create | Villager (Male) |
| 5:33 | Create | Villager (Male) |
| 5:52 | Create | Villager (Male) |
| 6:07 | Create | Villager (Male) |
| 6:10 | Build | Farm |
| 6:11 | Build | Farm |
| 6:32 | Build | House |
| 7:10 | Create | Villager (Male) |
| 7:11 | Create | Villager (Male) |
| 7:39 | Create | Villager (Male) |
| 8:01 | Create | Villager (Male) |
| 8:06 | Build | Mill |
| 8:10 | Build | Mining Camp |
| 8:11 | Create | Villager (Male) |
| 8:31 | Create | Villager (Male) |
| 8:57 | Create | Villager (Male) |
| 9:45 | Research | Feudal Age |
| 10:17 | Build | Farm |
| 10:18 | Create | Villager (Male) |
| 10:25 | Build | House |
| 10:27 | Build | Palisade Wall |
| 10:29 | Create | Villager (Male) |
| 10:30 | Create | Villager (Male) |
| 10:41 | Build | Farm |
| 10:45 | Create | Villager (Male) |
| 10:50 | Build | Farm |
| 10:54 | Build | Farm |
| 11:05 | Build | House |
| 11:13 | Build | Farm |
| 11:28 | Build | Palisade Wall |
| 11:28 | Build | Palisade Wall |
| 11:29 | Build | Palisade Wall |
| 11:53 | Build | Farm |
| 11:55 | Age | Feudal Age |
| 11:58 | Create | Villager (Male) |
| 12:05 | Build | Market |
| 12:15 | Build | Blacksmith |
| 12:22 | Create | Villager (Male) |
| 12:25 | Build | Farm |
| 12:49 | Build | Farm |
| 13:07 | Research | Castle Age |
| 14:03 | Research | Double-Bit Axe |
| 14:04 | Research | Horse Collar |
| 14:28 | Build | Palisade Wall |
| 14:31 | Create | Villager (Male) |
| 14:44 | Build | House |
| 14:46 | Create | Villager (Male) |
| 14:52 | Build | House |
| 15:00 | Create | Villager (Male) |
| 15:47 | Create | Villager (Male) |
| 15:50 | Age | Castle Age |
| 15:55 | Create | Villager (Male) |
| 16:00 | Build | Town Center |
| 16:03 | Create | Villager (Male) |
| 16:10 | Research | Bow Saw |
| 16:21 | Create | Villager (Male) |
| 16:39 | Create | Villager (Male) |
| 16:44 | Research | Heavy Plow |
| 17:04 | Create | Villager (Male) |
| 17:05 | Create | Villager (Male) |
| 17:14 | Research | Wheelbarrow |
| 17:18 | Create | Villager (Male) |
| 17:33 | Create | Villager (Male) |
| 17:35 | Create | Villager (Male) |
| 17:37 | Create | Villager (Male) |
| 17:43 | Create | Villager (Male) |
| 18:00 | Build | Barracks |
| 18:01 | Create | Villager (Male) |
| 18:05 | Build | Town Center |
| 18:08 | Create | Villager (Male) |
| 18:09 | Create | Villager (Male) |
| 18:21 | Create | Villager (Male) |
| 18:30 | Build | Town Center |
| 18:56 | Create | Villager (Male) |
| 19:06 | Build | Archery Range |
| 19:08 | Create | Villager (Male) |
| 19:10 | Create | Villager (Male) |
| 19:15 | Build | Monastery |
| 19:17 | Create | Villager (Male) |
| 19:25 | Build | Farm |
| 19:31 | Build | Farm |
| 19:36 | Build | Farm |
| 19:38 | Create | Villager (Male) |
| 19:43 | Create | Villager (Male) |
| 19:53 | Build | Farm |
| 20:00 | Build | House |
| 20:07 | Create | Villager (Male) |
| 20:09 | Create | Villager (Male) |
| 20:11 | Create | Archer |
| 20:21 | Build | Farm |
| 20:23 | Build | Farm |
| 20:24 | Build | Farm |
| 20:26 | Build | Farm |
| 20:28 | Create | Villager (Male) |
| 20:28 | Create | Villager (Male) |
| 20:40 | Create | Villager (Male) |
| 20:48 | Build | Lumber Camp |
| 20:50 | Create | Villager (Male) |
| 21:00 | Build | Farm |
| 21:02 | Build | Farm |
| 21:04 | Create | Villager (Male) |
| 21:07 | Create | Villager (Male) |
| 21:07 | Create | Villager (Male) |
| 21:09 | Create | Villager (Male) |
| 21:12 | Create | Monk |
| 21:25 | Create | Villager (Male) |
| 21:30 | Build | House |
| 21:31 | Build | House |
| 21:34 | Build | Farm |
| 21:36 | Build | Farm |
| 21:38 | Create | Villager (Male) |
| 21:54 | Create | Villager (Male) |
| 21:56 | Create | Villager (Male) |
| 21:56 | Create | Villager (Male) |
| 21:59 | Build | Lumber Camp |
| 22:03 | Build | Farm |
| 22:03 | Create | Villager (Male) |
| 22:06 | Build | Farm |
| 22:06 | Create | Villager (Male) |
| 22:09 | Build | Farm |
| 22:13 | Build | Farm |
| 22:22 | Build | Farm |
| 22:23 | Create | Villager (Male) |
| 22:25 | Build | House |
| 22:31 | Build | Farm |
| 22:34 | Build | Farm |
| 22:37 | Build | Farm |
| 22:39 | Create | Villager (Male) |
Build order — saracast
First 150 of 838 actions detected
| 0:01 | Create | Villager (Male) |
| 0:01 | Create | Villager (Male) |
| 0:01 | Create | Villager (Male) |
| 0:03 | Build | House |
| 0:04 | Build | House |
| 0:35 | Research | Loom |
| 0:41 | Create | Villager (Male) |
| 0:42 | Create | Villager (Male) |
| 0:42 | Create | Villager (Male) |
| 2:35 | Create | Villager (Male) |
| 2:35 | Create | Villager (Male) |
| 2:53 | Build | House |
| 3:27 | Build | Palisade Wall |
| 3:47 | Create | Villager (Male) |
| 3:47 | Create | Villager (Male) |
| 4:19 | Create | Villager (Male) |
| 4:20 | Create | Villager (Male) |
| 4:30 | Build | Palisade Wall |
| 4:41 | Build | Palisade Wall |
| 5:52 | Create | Villager (Male) |
| 5:52 | Create | Villager (Male) |
| 6:19 | Build | House |
| 6:32 | Create | Villager (Male) |
| 7:02 | Create | Villager (Male) |
| 7:02 | Create | Villager (Male) |
| 7:09 | Build | Palisade Wall |
| 7:56 | Build | Lumber Camp |
| 8:07 | Create | Villager (Male) |
| 8:07 | Create | Villager (Male) |
| 8:08 | Create | Villager (Male) |
| 8:43 | Build | House |
| 9:01 | Create | Villager (Male) |
| 9:01 | Create | Villager (Male) |
| 9:05 | Build | House |
| 9:19 | Create | Villager (Male) |
| 10:19 | Create | Villager (Male) |
| 10:31 | Build | Mill |
| 10:45 | Create | Villager (Male) |
| 10:47 | Create | Villager (Male) |
| 11:13 | Create | Villager (Male) |
| 11:49 | Build | Mill |
| 12:02 | Create | Villager (Male) |
| 12:25 | Research | Feudal Age |
| 13:18 | Build | Palisade Wall |
| 13:33 | Create | Villager (Male) |
| 13:34 | Create | Villager (Male) |
| 14:37 | Age | Feudal Age |
| 14:44 | Build | Palisade Wall |
| 14:46 | Create | Villager (Male) |
| 14:51 | Research | Double-Bit Axe |
| 14:52 | Research | Horse Collar |
| 15:01 | Create | Villager (Male) |
| 15:11 | Build | Farm |
| 15:13 | Build | Farm |
| 15:15 | Build | Farm |
| 15:20 | Build | Farm |
| 15:22 | Build | Farm |
| 15:26 | Build | Farm |
| 15:28 | Create | Villager (Male) |
| 15:59 | Build | Mining Camp |
| 16:01 | Create | Villager (Male) |
| 16:14 | Build | Farm |
| 16:22 | Build | Farm |
| 16:29 | Create | Villager (Male) |
| 17:06 | Create | Villager (Male) |
| 17:11 | Build | Mining Camp |
| 17:14 | Build | Blacksmith |
| 17:23 | Research | Town Watch |
| 17:29 | Create | Villager (Male) |
| 17:37 | Build | Stone Wall |
| 17:41 | Build | Gate |
| 17:51 | Build | Gate |
| 17:53 | Build | Stone Wall |
| 17:54 | Build | Stone Wall |
| 18:03 | Create | Villager (Male) |
| 18:06 | Create | Villager (Male) |
| 18:17 | Build | Market |
| 18:33 | Create | Villager (Male) |
| 19:13 | Research | Castle Age |
| 20:46 | Research | Stone Mining |
| 20:56 | Build | Outpost |
| 21:00 | Build | Outpost |
| 21:09 | Build | Outpost |
| 21:17 | Research | Town Watch |
| 21:58 | Age | Castle Age |
| 22:05 | Build | Castle |
| 22:42 | Build | House |
| 22:45 | Build | Palisade Wall |
| 22:54 | Create | Villager (Male) |
| 22:54 | Create | Villager (Male) |
| 23:07 | Build | Farm |
| 23:07 | Build | Farm |
| 23:07 | Build | Farm |
| 23:08 | Build | Farm |
| 23:09 | Build | Farm |
| 23:14 | Research | Bow Saw |
| 24:05 | Research | Fletching |
| 24:06 | Create | Villager (Male) |
| 24:10 | Create | Villager (Male) |
| 24:17 | Research | Heavy Plow |
| 24:37 | Build | Lumber Camp |
| 24:43 | Create | Villager (Male) |
| 25:14 | Create | Villager (Male) |
| 25:15 | Create | Villager (Male) |
| 25:24 | Research | Bodkin Arrow |
| 25:47 | Create | Villager (Male) |
| 25:48 | Create | Villager (Male) |
| 25:51 | Build | Farm |
| 25:52 | Build | Farm |
| 26:03 | Create | Villager (Male) |
| 26:10 | Create | Villager (Male) |
| 26:17 | Research | Wheelbarrow |
| 26:26 | Create | Villager (Male) |
| 27:02 | Build | House |
| 27:07 | Build | Mill |
| 27:07 | Build | Farm |
| 27:08 | Build | Farm |
| 27:08 | Build | Farm |
| 27:09 | Build | Farm |
| 27:09 | Build | Farm |
| 27:09 | Build | Farm |
| 27:09 | Build | Farm |
| 27:15 | Create | Villager (Male) |
| 27:45 | Research | Gold Mining |
| 28:23 | Create | Villager (Male) |
| 28:58 | Research | Szlachta Privileges |
| 29:01 | Create | Villager (Male) |
| 29:05 | Create | Villager (Male) |
| 29:31 | Create | Villager (Male) |
| 30:02 | Research | Imperial Age |
| 30:40 | Research | Scale Barding Armor |
| 30:40 | Research | Forging |
| 31:07 | Build | Barracks |
| 31:11 | Create | Villager (Male) |
| 31:20 | Build | House |
| 31:20 | Build | House |
| 31:22 | Build | House |
| 31:23 | Build | House |
| 31:42 | Build | Stable |
| 31:44 | Build | Stable |
| 31:54 | Research | Chain Barding Armor |
| 32:15 | Research | Husbandry |
| 32:15 | Research | Bloodlines |
| 32:23 | Build | Stone Wall |
| 32:34 | Research | Hand Cart |
| 32:38 | Research | Iron Casting |
| 32:41 | Build | House |
| 32:42 | Build | House |
| 32:51 | Build | Lumber Camp |
| 33:13 | Age | Imperial Age |
Match timeline
| 0:20 | Tylenol · wall_segment Palisade Wall x13 |
| 0:58 | w h i z. · wall_segment Palisade Wall x6 |
| 2:45 | Zeriel · wall_segment Palisade Wall x6 |
| 3:01 | Tylenol · wall_segment Palisade Wall x1 |
| 3:01 | Zeriel · wall_segment Palisade Wall x7 |
| 3:09 | w h i z. · wall_segment Palisade Wall x6 |
| 3:19 | Zeriel · wall_segment Palisade Wall x1 |
| 3:27 | saracast · wall_segment Palisade Wall x1 |
| 3:41 | Tylenol · wall_segment Palisade Wall x1 |
| 3:43 | Tylenol · wall_segment Palisade Wall x1 |
| 4:11 | SmithAoE · wall_segment Palisade Wall x1 |
| 4:12 | SmithAoE · wall_segment Palisade Wall x1 |
| 4:12 | SmithAoE · wall_segment Palisade Wall x1 |
| 4:13 | SmithAoE · wall_segment Palisade Wall x1 |
| 4:28 | SmithAoE · wall_segment Palisade Wall x1 |
| 4:29 | SmithAoE · wall_segment Palisade Wall x1 |
| 4:29 | SmithAoE · wall_segment Palisade Wall x1 |
| 4:30 | SmithAoE · wall_segment Palisade Wall x1 |
| 4:30 | SmithAoE · wall_segment Palisade Wall x1 |
| 4:30 | saracast · wall_segment Palisade Wall x7 |
| 4:41 | saracast · wall_segment Palisade Wall x7 |
| 4:57 | Zeriel · wall_segment Palisade Wall x1 |
| 4:58 | Zeriel · wall_segment Palisade Wall x1 |
| 5:00 | Zeriel · wall_segment Palisade Wall x1 |
| 5:02 | Zeriel · wall_segment Palisade Wall x1 |
| 5:22 | w h i z. · wall_segment Palisade Wall x5 |
| 5:25 | SmithAoE · wall_segment Palisade Wall x1 |
| 5:27 | SmithAoE · wall_segment Palisade Wall x1 |
| 5:28 | SmithAoE · wall_segment Palisade Wall x1 |
| 5:28 | SmithAoE · wall_segment Palisade Wall x1 |
| 5:29 | SmithAoE · wall_segment Palisade Wall x1 |
| 5:29 | SmithAoE · wall_segment Palisade Wall x1 |
| 5:30 | SmithAoE · wall_segment Palisade Wall x1 |
| 5:30 | SmithAoE · wall_segment Palisade Wall x1 |
| 5:38 | Zeriel · wall_segment Palisade Wall x1 |
| 7:02 | SmithAoE · wall_segment Palisade Wall x1 |
| 7:06 | SmithAoE · wall_segment Palisade Wall x1 |
| 7:09 | saracast · wall_segment Palisade Wall x1 |
| 7:18 | SmithAoE · wall_segment Palisade Wall x1 |
| 7:22 | SmithAoE · wall_segment Palisade Wall x1 |
| 7:28 | Tylenol · wall_segment Palisade Wall x8 |
| 7:31 | Zeriel · wall_segment Palisade Wall x1 |
| 7:32 | Zeriel · wall_segment Palisade Wall x1 |
| 7:34 | Tylenol · wall_segment Palisade Wall x2 |
| 7:36 | Tylenol · wall_segment Palisade Wall x7 |
| 7:45 | SmithAoE · wall_segment Palisade Wall x1 |
| 8:05 | Zeriel · wall_segment Palisade Wall x1 |
| 8:08 | Zeriel · wall_segment Palisade Wall x1 |
| 8:10 | Zeriel · wall_segment Palisade Wall x1 |
| 8:10 | Zeriel · wall_segment Palisade Wall x1 |
| 8:24 | Zeriel · wall_segment Palisade Wall x1 |
| 8:25 | Zeriel · wall_segment Palisade Wall x1 |
| 8:39 | Zeriel · wall_segment Palisade Wall x1 |
| 8:40 | Zeriel · wall_segment Palisade Wall x1 |
| 10:26 | Zeriel · wall_segment Palisade Wall x7 |
| 10:27 | danntheman · wall_segment Palisade Wall x1 |
| 10:31 | 林家虎爷 · age_up feudal |
| 10:59 | Zeriel · wall_segment Palisade Wall x1 |
| 11:02 | Zeriel · wall_segment Palisade Wall x1 |
| 11:28 | danntheman · wall_segment Palisade Wall x1 |
| 11:28 | danntheman · wall_segment Palisade Wall x1 |
| 11:29 | danntheman · wall_segment Palisade Wall x1 |
| 11:30 | w h i z. · age_up feudal |
| 11:39 | w h i z. · wall_segment Stone Wall x7 |
| 11:51 | w h i z. · wall_segment Stone Wall x7 |
| 11:54 | impirion · age_up feudal |
| 11:55 | danntheman · age_up feudal |
| 11:57 | w h i z. · wall_segment Stone Wall x8 |
| 12:14 | SmithAoE · age_up feudal |
| 13:18 | saracast · wall_segment Palisade Wall x1 |
| 13:48 | Zeriel · age_up feudal |
| 13:52 | Zeriel · wall_segment Stone Wall x4 |
| 13:56 | Zeriel · wall_segment Stone Wall x4 |
| 13:57 | Zeriel · wall_segment Stone Wall x1 |
| 14:06 | Tylenol · age_up feudal |
| 14:09 | 林家虎爷 · age_up castle |
| 14:13 | Zeriel · wall_segment Stone Wall x3 |
| 14:17 | Zeriel · wall_segment Stone Wall x1 |
| 14:18 | Zeriel · wall_segment Stone Wall x1 |
| 14:19 | 林家虎爷 · first_building Monastery |
| 14:28 | danntheman · wall_segment Palisade Wall x1 |
| 14:33 | Zeriel · wall_segment Stone Wall x1 |
| 14:33 | Zeriel · wall_segment Stone Wall x1 |
| 14:34 | Zeriel · wall_segment Stone Wall x1 |
| 14:35 | Zeriel · wall_segment Stone Wall x1 |
| 14:37 | Zeriel · wall_segment Stone Wall x3 |
| 14:37 | saracast · age_up feudal |
| 14:37 | Zeriel · wall_segment Stone Wall x1 |
| 14:38 | Zeriel · wall_segment Stone Wall x1 |
| 14:44 | saracast · wall_segment Palisade Wall x1 |
| 14:45 | impirion · age_up castle |
| 14:51 | impirion · first_building Siege Workshop |
| 15:00 | SmithAoE · first_market_buy 100 wood |
| 15:28 | Tylenol · wall_segment Stone Wall x6 |
| 15:32 | Tylenol · wall_segment Stone Wall x3 |
| 15:35 | Tylenol · wall_segment Stone Wall x8 |
| 15:44 | SmithAoE · age_up castle |
| 15:46 | Tylenol · wall_segment Stone Wall x10 |
| 15:50 | danntheman · age_up castle |
| 16:01 | Zeriel · first_market_sell 100 wood |
| 16:13 | impirion · first_building Monastery |
| 16:18 | Zeriel · wall_segment Stone Wall x1 |
| 16:43 | Tylenol · wall_segment Stone Wall x1 |
| 17:34 | Zeriel · wall_segment Palisade Wall x1 |
| 17:37 | saracast · wall_segment Stone Wall x7 |
| 17:53 | saracast · wall_segment Stone Wall x1 |
| 17:54 | Tylenol · wall_segment Stone Wall x4 |
| 17:54 | saracast · wall_segment Stone Wall x2 |
| 18:00 | danntheman · first_building Barracks |
| 18:21 | danntheman · first_market_buy 100 stone |
| 18:51 | Zeriel · age_up castle |
| 18:53 | Zeriel · first_market_buy 100 wood |
| 19:04 | saracast · first_market_sell 100 food |
| 19:06 | danntheman · first_building Archery Range |
| 19:10 | 林家虎爷 · first_market_buy 100 food |
| 19:15 | danntheman · first_building Monastery |
| 19:26 | Zeriel · wall_segment Stone Wall x5 |
| 19:39 | Zeriel · wall_segment Stone Wall x6 |
| 20:41 | Zeriel · wall_segment Stone Wall x4 |
| 20:43 | 林家虎爷 · first_building Barracks |
| 20:49 | Tylenol · wall_segment Stone Wall x6 |
| 20:50 | Zeriel · wall_segment Stone Wall x2 |
| 20:53 | Zeriel · wall_segment Stone Wall x6 |
| 21:01 | w h i z. · age_up castle |
| 21:10 | 林家虎爷 · first_building Stable |
| 21:22 | Zeriel · wall_segment Stone Wall x1 |
| 21:24 | Zeriel · wall_segment Stone Wall x6 |
| 21:53 | Zeriel · wall_segment Stone Wall x3 |
| 21:58 | saracast · age_up castle |
| 22:02 | saracast · first_market_buy 100 stone |
| 22:05 | saracast · first_building Castle |
| 22:44 | Zeriel · wall_segment Stone Wall x4 |
| 22:45 | Zeriel · wall_segment Stone Wall x2 |
| 22:45 | saracast · wall_segment Palisade Wall x1 |
| 23:00 | Zeriel · wall_segment Stone Wall x3 |
| 23:03 | impirion · first_market_buy 100 stone |
| 23:04 | Zeriel · wall_segment Stone Wall x9 |
| 23:05 | SmithAoE · first_building Monastery |
| 23:07 | Zeriel · wall_segment Stone Wall x5 |
| 23:08 | Zeriel · wall_segment Stone Wall x13 |
| 23:28 | Zeriel · wall_segment Stone Wall x7 |
| 23:37 | Tylenol · wall_segment Stone Wall x9 |
| 24:02 | Zeriel · wall_segment Stone Wall x1 |
| 24:11 | Zeriel · wall_segment Stone Wall x5 |
| 24:12 | Zeriel · wall_segment Stone Wall x1 |
| 24:13 | Zeriel · wall_segment Stone Wall x1 |
| 24:13 | Zeriel · wall_segment Stone Wall x2 |
| 24:13 | Zeriel · wall_segment Stone Wall x1 |
| 24:14 | Tylenol · first_market_buy 100 food |
| 24:16 | Zeriel · wall_segment Stone Wall x3 |
| 24:16 | danntheman · first_market_sell 100 wood |
| 24:17 | Zeriel · wall_segment Stone Wall x4 |
| 24:19 | Zeriel · wall_segment Stone Wall x2 |
| 24:20 | Zeriel · wall_segment Stone Wall x5 |
| 24:21 | Zeriel · wall_segment Stone Wall x8 |
| 24:28 | Zeriel · first_building Siege Workshop |
| 24:32 | SmithAoE · first_building Barracks |
| 24:33 | Zeriel · wall_segment Stone Wall x1 |
| 24:34 | Zeriel · wall_segment Stone Wall x1 |
| 24:34 | Zeriel · wall_segment Stone Wall x2 |
| 24:34 | Zeriel · wall_segment Stone Wall x1 |
| 24:35 | Zeriel · wall_segment Stone Wall x1 |
| 24:37 | 林家虎爷 · first_building Castle |
| 25:41 | Zeriel · wall_segment Stone Wall x4 |
| 25:42 | Zeriel · wall_segment Stone Wall x4 |
| 25:46 | Zeriel · wall_segment Stone Wall x6 |
| 26:05 | SmithAoE · first_building Stable |
| 26:46 | SmithAoE · first_building Siege Workshop |
| 27:05 | w h i z. · first_building Barracks |
| 27:07 | SmithAoE · first_market_sell 100 wood |
| 27:21 | Zeriel · wall_segment Stone Wall x10 |
| 27:31 | Zeriel · wall_segment Stone Wall x19 |
| 27:39 | danntheman · first_building Siege Workshop |
| 27:40 | Zeriel · wall_segment Stone Wall x1 |
| 27:45 | Zeriel · wall_segment Stone Wall x8 |
| 27:50 | Zeriel · wall_segment Stone Wall x2 |
| 27:56 | 林家虎爷 · age_up imperial |
| 28:04 | Zeriel · wall_segment Stone Wall x8 |
| 28:05 | impirion · first_building Barracks |
| 28:06 | Zeriel · wall_segment Stone Wall x5 |
| 28:07 | Zeriel · wall_segment Stone Wall x5 |
| 28:08 | w h i z. · first_building Stable |
| 28:09 | Zeriel · wall_segment Stone Wall x3 |
| 28:14 | Zeriel · wall_segment Stone Wall x1 |
| 28:16 | Zeriel · wall_segment Stone Wall x5 |
| 28:22 | Tylenol · age_up castle |
| 28:23 | Zeriel · wall_segment Stone Wall x8 |
| 28:33 | Zeriel · wall_segment Stone Wall x1 |
| 28:55 | impirion · first_building Archery Range |
| 28:58 | Zeriel · wall_segment Stone Wall x1 |
| 29:01 | Zeriel · wall_segment Stone Wall x15 |
| 29:02 | Tylenol · first_building Castle |
| 29:14 | w h i z. · first_building Castle |
| 29:17 | SmithAoE · first_building Castle |
| 29:23 | Zeriel · age_up imperial |
| 29:39 | Zeriel · wall_segment Stone Wall x6 |
| 29:41 | Zeriel · wall_segment Stone Wall x6 |
| 29:49 | danntheman · age_up imperial |
| 29:54 | Zeriel · wall_segment Stone Wall x15 |
| 30:18 | Zeriel · wall_segment Stone Wall x9 |
| 30:26 | SmithAoE · age_up imperial |
| 30:44 | impirion · age_up imperial |
| 30:57 | Zeriel · wall_segment Stone Wall x16 |
| 31:07 | saracast · first_building Barracks |
| 31:11 | Zeriel · wall_segment Stone Wall x6 |
| 31:13 | w h i z. · first_market_sell 100 wood |
| 31:24 | impirion · first_building Castle |
| 31:42 | saracast · first_building Stable |
| 32:01 | 林家虎爷 · first_market_sell 500 food |
| 32:19 | impirion · first_market_sell 100 wood |
| 32:23 | saracast · wall_segment Stone Wall x12 |
| 32:26 | Zeriel · wall_segment Stone Wall x16 |
| 32:37 | Zeriel · wall_segment Stone Wall x5 |
| 32:38 | Zeriel · wall_segment Stone Wall x6 |
| 33:10 | Zeriel · wall_segment Stone Wall x7 |
| 33:11 | Zeriel · wall_segment Stone Wall x9 |
| 33:13 | saracast · age_up imperial |
| 33:17 | w h i z. · age_up imperial |
| 33:21 | danntheman · first_building Castle |
| 33:40 | Zeriel · first_building Castle |
| 33:59 | Zeriel · first_building Barracks |
| 34:30 | Zeriel · wall_segment Stone Wall x8 |
| 34:32 | Zeriel · wall_segment Stone Wall x9 |
| 35:18 | Zeriel · wall_segment Stone Wall x13 |
| 35:30 | Zeriel · wall_segment Stone Wall x10 |
| 35:34 | Zeriel · wall_segment Stone Wall x6 |
| 35:48 | Zeriel · wall_segment Stone Wall x10 |
| 36:42 | Zeriel · first_building Archery Range |
| 36:45 | w h i z. · first_building Siege Workshop |
| 37:04 | Zeriel · wall_segment Stone Wall x8 |
| 37:12 | 林家虎爷 · wall_segment Stone Wall x4 |
| 37:19 | Zeriel · wall_segment Stone Wall x5 |
| 37:20 | Zeriel · wall_segment Stone Wall x4 |
| 37:36 | Tylenol · age_up imperial |
| 38:04 | Zeriel · wall_segment Stone Wall x15 |
| 39:22 | 林家虎爷 · wall_segment Stone Wall x4 |
| 39:30 | saracast · wall_segment Stone Wall x3 |
| 40:07 | Zeriel · wall_segment Stone Wall x6 |
| 40:09 | Zeriel · wall_segment Stone Wall x4 |
| 40:21 | Zeriel · wall_segment Stone Wall x1 |
| 40:46 | impirion · tribute_sent a jugador 1 |
| 40:46 | impirion · tribute_sent a jugador 2 |
| 40:46 | impirion · tribute_sent a jugador 3 |
| 40:46 | impirion · tribute_sent a jugador 4 |
| 40:46 | impirion · tribute_sent a jugador 5 |
| 40:46 | impirion · tribute_sent a jugador 7 |
| 40:46 | impirion · tribute_sent a jugador 8 |
| 40:46 | w h i z. · tribute_sent a jugador 1 |
| 40:46 | w h i z. · tribute_sent a jugador 2 |
| 40:46 | w h i z. · tribute_sent a jugador 3 |
| 40:46 | w h i z. · tribute_sent a jugador 4 |
| 40:46 | w h i z. · tribute_sent a jugador 6 |
| 40:46 | w h i z. · tribute_sent a jugador 7 |
| 40:46 | w h i z. · tribute_sent a jugador 8 |
| 40:50 | SmithAoE · tribute_sent a jugador 1 |
| 40:50 | SmithAoE · tribute_sent a jugador 3 |
| 40:50 | SmithAoE · tribute_sent a jugador 4 |
| 40:50 | SmithAoE · tribute_sent a jugador 5 |
| 40:50 | SmithAoE · tribute_sent a jugador 6 |
| 40:50 | SmithAoE · tribute_sent a jugador 7 |
| 40:50 | SmithAoE · tribute_sent a jugador 8 |
| 41:00 | Zeriel · wall_segment Stone Wall x9 |
| 41:07 | Zeriel · wall_segment Stone Wall x6 |
| 41:09 | Zeriel · wall_segment Stone Wall x5 |
| 41:09 | Zeriel · wall_segment Stone Wall x3 |
| 41:23 | Zeriel · wall_segment Stone Wall x6 |
| 41:32 | Zeriel · wall_segment Stone Wall x9 |
| 41:33 | Zeriel · wall_segment Stone Wall x6 |
| 41:33 | Zeriel · wall_segment Stone Wall x2 |
| 41:56 | Zeriel · wall_segment Stone Wall x14 |
| 42:15 | danntheman · tribute_sent a jugador 1 |
| 42:15 | danntheman · tribute_sent a jugador 2 |
| 42:15 | danntheman · tribute_sent a jugador 3 |
| 42:15 | danntheman · tribute_sent a jugador 4 |
| 42:15 | danntheman · tribute_sent a jugador 5 |
| 42:15 | danntheman · tribute_sent a jugador 6 |
| 42:15 | danntheman · tribute_sent a jugador 8 |
| 42:15 | w h i z. · tribute_sent a jugador 1 |
| 42:15 | w h i z. · tribute_sent a jugador 2 |
| 42:15 | w h i z. · tribute_sent a jugador 3 |
| 42:15 | w h i z. · tribute_sent a jugador 4 |
| 42:15 | w h i z. · tribute_sent a jugador 6 |
| 42:15 | w h i z. · tribute_sent a jugador 7 |
| 42:15 | w h i z. · tribute_sent a jugador 8 |
| 42:47 | Tylenol · first_building Barracks |
| 44:46 | SmithAoE · tribute_sent a jugador 1 |
| 44:46 | SmithAoE · tribute_sent a jugador 3 |
| 44:46 | SmithAoE · tribute_sent a jugador 4 |
| 44:46 | SmithAoE · tribute_sent a jugador 5 |
| 44:46 | SmithAoE · tribute_sent a jugador 6 |
| 44:46 | SmithAoE · tribute_sent a jugador 7 |
| 44:46 | SmithAoE · tribute_sent a jugador 8 |
| 44:47 | impirion · tribute_sent a jugador 1 |
| 44:47 | impirion · tribute_sent a jugador 2 |
| 44:47 | impirion · tribute_sent a jugador 3 |
| 44:47 | impirion · tribute_sent a jugador 4 |
| 44:47 | impirion · tribute_sent a jugador 5 |
| 44:47 | impirion · tribute_sent a jugador 7 |
| 44:47 | impirion · tribute_sent a jugador 8 |
| 44:54 | impirion · tribute_sent a jugador 1 |
| 44:54 | impirion · tribute_sent a jugador 2 |
| 44:54 | impirion · tribute_sent a jugador 3 |
| 44:54 | impirion · tribute_sent a jugador 4 |
| 44:54 | impirion · tribute_sent a jugador 5 |
| 44:54 | impirion · tribute_sent a jugador 7 |
| 44:54 | impirion · tribute_sent a jugador 8 |
| 45:05 | w h i z. · tribute_sent a jugador 1 |
| 45:05 | w h i z. · tribute_sent a jugador 2 |
| 45:05 | w h i z. · tribute_sent a jugador 3 |
| 45:05 | w h i z. · tribute_sent a jugador 4 |
| 45:05 | w h i z. · tribute_sent a jugador 6 |
| 45:05 | w h i z. · tribute_sent a jugador 7 |
| 45:05 | w h i z. · tribute_sent a jugador 8 |
| 45:09 | saracast · wall_segment Stone Wall x1 |
| 45:52 | w h i z. · tribute_sent a jugador 1 |
| 45:52 | w h i z. · tribute_sent a jugador 2 |
| 45:52 | w h i z. · tribute_sent a jugador 3 |
| 45:52 | w h i z. · tribute_sent a jugador 4 |
| 45:52 | w h i z. · tribute_sent a jugador 6 |
| 45:52 | w h i z. · tribute_sent a jugador 7 |
| 45:52 | w h i z. · tribute_sent a jugador 8 |
| 48:12 | saracast · first_building Siege Workshop |
| 48:24 | SmithAoE · tribute_sent a jugador 1 |
| 48:24 | SmithAoE · tribute_sent a jugador 3 |
| 48:24 | SmithAoE · tribute_sent a jugador 4 |
| 48:24 | SmithAoE · tribute_sent a jugador 5 |
| 48:24 | SmithAoE · tribute_sent a jugador 6 |
| 48:24 | SmithAoE · tribute_sent a jugador 7 |
| 48:24 | SmithAoE · tribute_sent a jugador 8 |
| 48:25 | impirion · tribute_sent a jugador 1 |
| 48:25 | impirion · tribute_sent a jugador 2 |
| 48:25 | impirion · tribute_sent a jugador 3 |
| 48:25 | impirion · tribute_sent a jugador 4 |
| 48:25 | impirion · tribute_sent a jugador 5 |
| 48:25 | impirion · tribute_sent a jugador 7 |
| 48:25 | impirion · tribute_sent a jugador 8 |
| 48:26 | w h i z. · first_building Archery Range |
| 48:55 | w h i z. · tribute_sent a jugador 1 |
| 48:55 | w h i z. · tribute_sent a jugador 2 |
| 48:55 | w h i z. · tribute_sent a jugador 3 |
| 48:55 | w h i z. · tribute_sent a jugador 4 |
| 48:55 | w h i z. · tribute_sent a jugador 6 |
| 48:55 | w h i z. · tribute_sent a jugador 7 |
| 48:55 | w h i z. · tribute_sent a jugador 8 |
| 49:37 | Tylenol · tribute_sent a jugador 1 |
| 49:37 | Tylenol · tribute_sent a jugador 2 |
| 49:37 | Tylenol · tribute_sent a jugador 4 |
| 49:37 | Tylenol · tribute_sent a jugador 5 |
| 49:37 | Tylenol · tribute_sent a jugador 6 |
| 49:37 | Tylenol · tribute_sent a jugador 7 |
| 49:37 | Tylenol · tribute_sent a jugador 8 |
| 49:37 | Zeriel · wall_segment Stone Wall x1 |
| 49:38 | Zeriel · wall_segment Stone Wall x8 |
| 50:24 | Zeriel · tribute_sent a jugador 1 |
| 50:24 | Zeriel · tribute_sent a jugador 2 |
| 50:24 | Zeriel · tribute_sent a jugador 3 |
| 50:24 | Zeriel · tribute_sent a jugador 5 |
| 50:24 | Zeriel · tribute_sent a jugador 6 |
| 50:24 | Zeriel · tribute_sent a jugador 7 |
| 50:24 | Zeriel · tribute_sent a jugador 8 |
| 50:29 | impirion · tribute_sent a jugador 1 |
| 50:29 | impirion · tribute_sent a jugador 2 |
| 50:29 | impirion · tribute_sent a jugador 3 |
| 50:29 | impirion · tribute_sent a jugador 4 |
| 50:29 | impirion · tribute_sent a jugador 5 |
| 50:29 | impirion · tribute_sent a jugador 7 |
| 50:29 | impirion · tribute_sent a jugador 8 |
| 50:40 | saracast · wall_segment Stone Wall x8 |
| 51:05 | saracast · wall_segment Stone Wall x1 |
| 51:13 | Tylenol · first_market_sell 100 wood |
| 51:14 | saracast · wall_segment Stone Wall x6 |
| 52:44 | Zeriel · wall_segment Stone Wall x4 |
| 52:44 | Zeriel · wall_segment Stone Wall x5 |
| 52:55 | w h i z. · tribute_sent a jugador 1 |
| 52:55 | w h i z. · tribute_sent a jugador 2 |
| 52:55 | w h i z. · tribute_sent a jugador 3 |
| 52:55 | w h i z. · tribute_sent a jugador 4 |
| 52:55 | w h i z. · tribute_sent a jugador 6 |
| 52:55 | w h i z. · tribute_sent a jugador 7 |
| 52:55 | w h i z. · tribute_sent a jugador 8 |
| 53:38 | danntheman · wall_segment Stone Wall x3 |
| 53:40 | danntheman · wall_segment Stone Wall x4 |
| 53:53 | Zeriel · wall_segment Stone Wall x3 |
| 53:53 | Zeriel · wall_segment Stone Wall x7 |
| 54:47 | Zeriel · tribute_sent a jugador 1 |
| 54:47 | Zeriel · tribute_sent a jugador 2 |
| 54:47 | Zeriel · tribute_sent a jugador 3 |
| 54:47 | Zeriel · tribute_sent a jugador 5 |
| 54:47 | Zeriel · tribute_sent a jugador 6 |
| 54:47 | Zeriel · tribute_sent a jugador 7 |
| 54:47 | Zeriel · tribute_sent a jugador 8 |
| 54:51 | SmithAoE · first_building Donjon |
| 55:02 | impirion · tribute_sent a jugador 1 |
| 55:02 | impirion · tribute_sent a jugador 2 |
| 55:02 | impirion · tribute_sent a jugador 3 |
| 55:02 | impirion · tribute_sent a jugador 4 |
| 55:02 | impirion · tribute_sent a jugador 5 |
| 55:02 | impirion · tribute_sent a jugador 7 |
| 55:02 | impirion · tribute_sent a jugador 8 |
| 55:04 | Zeriel · tribute_sent a jugador 1 |
| 55:04 | Zeriel · tribute_sent a jugador 2 |
| 55:04 | Zeriel · tribute_sent a jugador 3 |
| 55:04 | Zeriel · tribute_sent a jugador 5 |
| 55:04 | Zeriel · tribute_sent a jugador 6 |
| 55:04 | Zeriel · tribute_sent a jugador 7 |
| 55:04 | Zeriel · tribute_sent a jugador 8 |
| 55:05 | SmithAoE · tribute_sent a jugador 1 |
| 55:05 | SmithAoE · tribute_sent a jugador 3 |
| 55:05 | SmithAoE · tribute_sent a jugador 4 |
| 55:05 | SmithAoE · tribute_sent a jugador 5 |
| 55:05 | SmithAoE · tribute_sent a jugador 6 |
| 55:05 | SmithAoE · tribute_sent a jugador 7 |
| 55:05 | SmithAoE · tribute_sent a jugador 8 |
| 57:16 | w h i z. · tribute_sent a jugador 1 |
| 57:16 | w h i z. · tribute_sent a jugador 2 |
| 57:16 | w h i z. · tribute_sent a jugador 3 |
| 57:16 | w h i z. · tribute_sent a jugador 4 |
| 57:16 | w h i z. · tribute_sent a jugador 6 |
| 57:16 | w h i z. · tribute_sent a jugador 7 |
| 57:16 | w h i z. · tribute_sent a jugador 8 |
| 60:01 | 林家虎爷 · first_building Siege Workshop |
| 60:46 | danntheman · tribute_sent a jugador 1 |
| 60:46 | danntheman · tribute_sent a jugador 2 |
| 60:46 | danntheman · tribute_sent a jugador 3 |
| 60:46 | danntheman · tribute_sent a jugador 4 |
| 60:46 | danntheman · tribute_sent a jugador 5 |
| 60:46 | danntheman · tribute_sent a jugador 6 |
| 60:46 | danntheman · tribute_sent a jugador 8 |
| 60:54 | w h i z. · tribute_sent a jugador 1 |
| 60:54 | w h i z. · tribute_sent a jugador 2 |
| 60:54 | w h i z. · tribute_sent a jugador 3 |
| 60:54 | w h i z. · tribute_sent a jugador 4 |
| 60:54 | w h i z. · tribute_sent a jugador 6 |
| 60:54 | w h i z. · tribute_sent a jugador 7 |
| 60:54 | w h i z. · tribute_sent a jugador 8 |
| 61:58 | Zeriel · wall_segment Stone Wall x4 |
| 62:02 | danntheman · resign |
[ AI ANALYSIS · 1 CREDIT ]
What really happened in this match?
Wolo.gg analyzes every decision: build order, eco, micro, common mistakes by bracket. Personalized analysis on WhatsApp or Discord in 30 seconds.
Civ guide
Persians
Map guide
Black Forest
Perfil
w h i z.